 Dungeon Crawl Stone Soup version 0.26.1-11-gd32895ea62 (webtiles) character file.

Game seed: 6537780264335520605

1169 Zephyrs41 the Protected (level 8, -19/70 HPs)
             Began as a Minotaur Berserker on June 15, 2021.
             Was a Priest of Trog.
             Demolished by an ogre
             ... wielding a +0 giant spiked club
              (23 damage)
             ... on level 5 of the Dungeon on June 16, 2021.
             The game lasted 00:29:15 (6527 turns).

Zephyrs41 the Protected (Minotaur Berserker)        Turns: 6527, Time: 00:29:15

Health: -19/70     AC:  8    Str: 25    XL:     8   Next: 17%
Magic:  7/7        EV: 12    Int:  4    God:    Trog [***...]
Gold:   278        SH:  5    Dex:  9    Spells: 7/7 levels left

rFire    + . .     SeeInvis .   A - +6 flail (vorpal)
rCold    x . .     Faith    .   o - +2 buckler
rNeg     . . .     Spirit   .   h - +0 ring mail
rPois    .         Reflect  .   (helmet restricted)
rElec    .         Harm     .   (no cloak)
rCorr    .         Rampage  .   c - +0 pair of gloves
Will     ++...                  (no boots)
Stlth    +.........             u - amulet of regeneration
HPRegen  1.61/turn              m - ring of fire
MPRegen  0.10/turn              (no ring)

@: berserk cooldown, regenerating
A: retaliatory headbutt, horns 2
a: Renounce Religion, Berserk, Trog's Hand


You were on level 5 of the Dungeon.
You worshipped Trog.
Trog was most pleased with you.
You visited 1 branch of the dungeon, and saw 5 of its levels.

You collected 278 gold pieces.

Inventory:

Hand Weapons
 a - a +1 falchion
 j - a +1 dagger of protection
 k - a +4 halberd
 A - a +6 vorpal flail (weapon)
Missiles
 f - 104 stones
 p - 8 javelins (quivered)
Armour
 b - a +0 animal skin
 c - a +0 pair of gloves (worn)
 e - a +0 plate armour
 h - a +0 ring mail (worn)
 o - a +2 buckler (worn)
Jewellery
 m - a ring of fire (left hand)
 s - an uncursed amulet of magic regeneration
 u - an amulet of regeneration (around neck)
Wands
 q - a wand of polymorph (10)
 y - a wand of acid (6)
Scrolls
 l - a scroll of teleportation {unknown}
 n - 2 scrolls of noise
 v - 2 scrolls of remove curse
 w - a scroll of amnesia
Potions
 d - a potion of cancellation {unknown}
 g - a potion of berserk rage {unknown}
 i - a potion of ambrosia {unknown}
 r - 2 potions of degeneration {unknown}
 t - 2 potions of invisibility {unknown}
 x - 2 potions of lignification
 z - a potion of attraction {unknown}


   Skills:
 + Level 5.9 Fighting
 - Level 3.8(4.5) Short Blades
 - Level 3.7(4.7) Long Blades
 * Level 0.3 Maces & Flails
 + Level 8.7 Armour
 + Level 4.3 Dodging
 - Level 0.5 Stealth
 + Level 1.1 Shields


You had 7 spell levels left.
You didn't know any spells.
Your spell library was empty.

Dungeon Overview and Level Annotations

Branches:
Dungeon (5/15)
 Temple: D:4-7

Altars:
Ashenzari
Dithmenos
Makhleb
Wu Jian


Innate Abilities, Weirdness & Mutations

You reflexively headbutt those who attack you in melee.
You have a pair of horns on your head.


Message History

Your skin crawls.
You feel strong-willed. You block the ogre's attack.
You sock the ogre!
The ogre is moderately wounded.
The ogre hits you with a +0 giant spiked club!
* * * LOW HITPOINT WARNING * * *
Aiming: Polymorph
Press: ? - help, Shift-Dir - straight line, f - ogre
Aim: an ogre, wielding a +0 giant spiked club (moderately wounded, will become a soldier ant, an acid dragon, or a sky beast, chance to affect: 46%)
You can't see any item there.
The ogre resists with some effort.
You sock the ogre! You headbutt the ogre.
The ogre is severely wounded.
The ogre hits you with a +0 giant spiked club!
* * * LOW HITPOINT WARNING * * *
You barely miss the ogre. You headbutt the ogre.
The ogre is almost dead.
The ogre hits you with a +0 giant spiked club!!
You die...

.........##...##
##....#.............#
.....$ #..#.##....###.
......##..#...<.......
......#...............
........##..#......#..
.........##.##.....#
........###..#.......
......†O@..........##.
........##.#######...
...........# ...
...######..# .. #..# .
#... ##... ..... .##
..


You could see an ogre.

Vanquished Creatures
  Pikel (D:5)
  Edmund (D:4)
  A lemure (D:5)
  2 scorpions (D:4)
  An orc wizard (D:3)
  A bullfrog skeleton (D:4)
  An orc priest (D:3)
  2 hounds
  Natasha (thrice) (D:4)
  4 worker ants
  A worker ant zombie (D:5)
  5 adders
  3 gnolls (D:4)
  A white imp (D:3)
  2 worms
  A leopard gecko (D:1)
  9 orcs
  3 giant cockroaches (D:1)
  5 goblins
  6 hobgoblins
  13 jackals
  2 quokkas (D:3)
  6 bats
  5 frilled lizards
  4 kobolds
  A leopard gecko skeleton (D:4)
  8 rats
92 creatures vanquished.

Notes
Turn   | Place    | Note
-------+----------+-------------------------------------------
     0 | D:1      | Zephyrs41 the Minotaur Berserker began the quest for the
                  | Orb.
     0 | D:1      | Reached XP level 1. HP: 19/19 MP: 0/0
  2417 | D:1      | Reached XP level 2. HP: 27/27 MP: 1/1
  2614 | D:1      | Reached skill level 1 in Short Blades
  3024 | D:2      | Reached XP level 3. HP: 29/33 MP: 2/2
  3038 | D:2      | Reached ** piety under Trog
  3039 | D:2      | Reached skill level 3 in Armour
  3236 | D:2      | Found an ornate altar of the Wu Jian Council.
  3946 | D:2      | Found a burning altar of Makhleb.
  3946 | D:2      | Found a shadowy altar of Dithmenos.
  4178 | D:3      | Reached XP level 4. HP: 36/41 MP: 3/3
  4296 | D:3      | Found a broken altar of Ashenzari.
  4302 | D:3      | Reached skill level 4 in Armour
  4302 | D:3      | Saw a vision of the Swamp and the Spider Nest.
  4302 | D:3      | Noticed a wolf spider
  4302 | D:3      | Noticed a redback
  4302 | D:3      | Noticed a redback
  4302 | D:3      | Noticed a redback
  4302 | D:3      | Noticed a swamp drake
  4302 | D:3      | Noticed an alligator
  4302 | D:3      | Noticed a goliath frog
  4302 | D:3      | Noticed an alligator
  4302 | D:3      | Noticed a swamp drake
  4303 | D:3      | Noticed a redback
  4303 | D:3      | Noticed a redback
  4304 | D:3      | Noticed an alligator
  4380 | D:3      | Reached XP level 5. HP: 42/47 MP: 4/4
  5274 | D:4      | Reached skill level 5 in Armour
  5568 | D:4      | Reached XP level 6. HP: 55/55 MP: 5/5
  5716 | D:4      | Noticed Pikel
  5738 | D:5      | Entered Level 5 of the Dungeon
  5747 | D:5      | Killed Pikel
  5748 | D:5      | Reached skill level 5 in Fighting
  5748 | D:5      | Reached skill level 7 in Armour
  5748 | D:5      | Reached XP level 7. HP: 45/61 MP: 6/6
  6024 | D:4      | Reached skill level 8 in Armour
  6042 | D:4      | Noticed Natasha
  6047 | D:4      | Killed Natasha
  6073 | D:4      | Noticed Natasha
  6075 | D:4      | Killed Natasha
  6137 | D:4      | Noticed Edmund
  6150 | D:4      | Killed Edmund
  6150 | D:4      | Reached *** piety under Trog
  6151 | D:4      | Reached skill level 1 in Shields
  6151 | D:4      | Reached XP level 8. HP: 70/70 MP: 7/7
  6458 | D:4      | Noticed Natasha
  6467 | D:4      | Killed Natasha
  6526 | D:5      | HP: 1/70 [ogre/+0 giant spiked club (16)]
  6527 | D:5      | Demolished by an ogre

Illustrated notes

Levels and vault maps discovered:
D:1:      amcnicky_arrival_abandoned_market, layout_loops_ring,
          hangedman_decor_clover_reticule, minmay_misc_feat_four_crosses
D:2:      layout_loops_cross, gammafunk_temple_overflow_pools,
          nzn_wu_jian_contemplation
D:3:      layout_basic, grunt_ashenzari_visionary
          [grunt_ashenzari_visionary_swamp, grunt_ashenzari_visionary_spider]
D:4:      layout_basic, uniq_natasha, uniq_pikel, uniq_edmund
D:5:      layout_cave_pools, minmay_temple_entry_sparse_star

Skill      XL: |  1  2  3  4  5  6  7 |
---------------+----------------------+-----
Fighting       | 4 5 |  5.9
Short Blades   | 1 2 3 |  3.8
Armour         | 3 4 5 7 8 |  8.7
Dodging        | 3 4 |  4.3
Shields        | 1 |  1.1
Long Blades    | |  3.7
Maces & Flails | |  0.3
Stealth        | |  0.5

Action                   |  1- 3 |  4- 6 |  7- 9 || total
-------------------------+-------+-------+-------++-------
Melee: Falchion          |    77 |    65 |    39 ||   181
       Headbutt          |    15 |    20 |    15 ||    50
       Flail             |       |       |    12 ||    12
Invok: Berserk           |     2 |     1 |     2 ||     5
       Trog's Hand       |       |       |     1 ||     1
Evoke: Wand              |       |       |     1 ||     1
  Use: Scroll            |       |     5 |     3 ||     8
Armor: Ring mail         |    33 |    21 |    13 ||    67
       Animal skin       |     1 |       |       ||     1
Dodge: Dodged            |    57 |    49 |    29 ||   135
Block: Buckler           |       |     7 |     7 ||    14
       Rpst.: Falchion   |    11 |    18 |     7 ||    36
